[Event "Nordic Chess-ch 2019"]
[Site "Sarpsborg"]
[Date "2019.06.27"]
[Round "9.26"]
[White "Holand, Per Fredrik"]
[Black "Strand, Vetle Bjorge"]
[Result "0-1"]
[ECO "D02"]
[WhiteElo "1883"]
[BlackElo "1609"]
[Annotator "NA RC"]
[PlyCount "40"]
[EventDate "2019.06.21"]
[EventType "swiss"]
[EventCountry "NOR"]
[SourceTitle "playchess.com"]
[Source "ChessBase"]
[SourceQuality "1"]
[TimeControl "40/5400+30:1800+30"]

1. d4 d5 2. Bf4 Nf6 3. e3 Bf5 4. c4 e6 5. Nf3 c5 6. Nc3 dxc4 7. Bxc4 a6 8. dxc5 Qxd1+ 9. Rxd1 Bxc5 10. Nd4 Bg6 11. f3 Nbd7 12. Nb3 Bb6 13. Ke2 Rc8 14. Bd3 Bc7 15. Bxc7 Rxc7 16. Rd2 Ke7 17. e4 Ne5 18. Rhd1 Rd8 19. Ke3 Rxd3+ 20. Rxd3 Nc4+ 0-1

[Event "Nordic Chess-ch 2019"]
[Site "Sarpsborg"]
[Date "2019.06.27"]
[Round "9.27"]
[White "Jashari, Driton"]
[Black "Nordtug, Per Oistein"]
[Result "1-0"]
[ECO "B53"]
[WhiteElo "1755"]
[BlackElo "1456"]
[Annotator "NA RC"]
[PlyCount "67"]
[EventDate "2019.06.21"]
[EventType "swiss"]
[EventCountry "NOR"]
[SourceTitle "playchess.com"]
[Source "ChessBase"]
[SourceQuality "1"]
[TimeControl "40/5400+30:1800+30"]

1. e4 c5 2. Nf3 d6 3. d4 cxd4 4. Qxd4 Nc6 5. Qd1 g6 6. c3 Bg7 7. Bc4 Qb6 8. O-O Qc5 9. Bb3 Nf6 10. Ng5 O-O 11. Be3 Qa5 12. Nd2 Ne5 13. h3 h6 14. f4 Nd3 15. Nc4 Nxb2 16. Nxb2 hxg5 17. fxg5 Nxe4 18. Qf3 Bf5 19. g4 Bxc3 20. Nc4 Qb5 21. gxf5 gxf5 22. Rad1 Rac8 23. Na3 Qd7 24. Qxf5 Qxf5 25. Rxf5 Kg7 26. Kg2 e6 27. Rf3 a6 28. Nb1 d5 29. Nxc3 Rxc3 30. Bd4+ Kg6 31. Bxc3 Nxg5 32. Rg3 f6 33. h4 f5 34. Rxg5+ 1-0

[Event "Nordic Chess-ch 2019"]
[Site "Sarpsborg"]
[Date "2019.06.27"]
[Round "9.28"]
[White "Henriksen, Morgan"]
[Black "Haggar, Haytham"]
[Result "0-1"]
[ECO "E91"]
[WhiteElo "1717"]
[BlackElo "1309"]
[Annotator "NA"]
[PlyCount "96"]
[EventDate "2019.06.21"]
[EventType "swiss"]
[EventCountry "NOR"]
[SourceTitle "playchess.com"]
[Source "ChessBase"]
[SourceQuality "1"]
[TimeControl "40/5400+30:1800+30"]

1. d4 g6 2. c4 Bg7 3. Nc3 Nf6 4. e4 d6 5. Nf3 Bg4 6. Be2 O-O 7. O-O Nc6 8. Be3 b6 9. a3 Na5 10. b4 Nc6 11. Rc1 a5 12. b5 Nb8 13. h3 Be6 14. Qc2 Ne8 15. Rfd1 Qc8 16. Ng5 Bd7 17. Nd5 Qd8 18. c5 e6 19. cxd6 cxd6 20. Nc3 Ra7 21. Na4 h6 22. Nf3 Rb7 23. d5 e5 24. Nd2 f5 25. f3 f4 26. Bf2 Bf6 27. Nc4 Bxb5 28. Ncxb6 Bxe2 29. Qxe2 Rc7 30. Qe1 Rff7 31. Na8 Rxc1 32. Rxc1 Nd7 33. N8b6 Nxb6 34. Bxb6 Qb8 35. Qxa5 Bh4 36. Qa6 Rb7 37. Qb5 Kf7 38. Qc6 Qa8 39. Nc3 Qa6 40. Ba5 Qa7+ 41. Kh1 Rb2 42. Nd1 Re2 43. Nc3 Rxg2 44. Bb6 Qxa3 45. Nb5 Qxf3 46. Nxd6+ Nxd6 47. Qd7+ Be7 48. Qe6+ Kf8 0-1

[Event "Nordic Chess-ch 2019"]
[Site "Sarpsborg"]
[Date "2019.06.27"]
[Round "9.29"]
[White "Pettersen, Morgan Buckholm"]
[Black "Eiding, Amanda Mai Irgens"]
[Result "0-1"]
[ECO "C50"]
[WhiteElo "1508"]
[BlackElo "1655"]
[Annotator "NA"]
[PlyCount "166"]
[EventDate "2019.06.21"]
[EventType "swiss"]
[EventCountry "NOR"]
[SourceTitle "playchess.com"]
[Source "ChessBase"]
[SourceQuality "1"]
[TimeControl "40/5400+30:1800+30"]

1. e4 e5 2. Nf3 Nc6 3. Bc4 Bc5 4. d3 h6 5. O-O d6 6. c3 Bg4 7. Be3 Bb6 8. Nbd2 Nf6 9. h3 Bh5 10. Bb3 O-O 11. Bxb6 axb6 12. Qc2 Nh7 13. g4 Bg6 14. h4 Nf6 15. h5 Bh7 16. Nh2 d5 17. f3 Kh8 18. Rae1 d4 19. Re2 Bg8 20. f4 Qd7 21. Rg2 Nh7 22. f5 f6 23. Nhf3 dxc3 24. bxc3 Bxb3 25. Nxb3 Ra7 26. Nh4 Rfa8 27. Ng6+ Kg8 28. Nc1 Ng5 29. Qb3+ Qf7 30. Kh2 Qxb3 31. axb3 Kf7 32. Rd2 Ra1 33. Kg3 Na5 34. Rfd1 c5 35. Kf2 Nh3+ 36. Ke3 Rxc1 37. Rxc1 Nxb3 38. Rdc2 Nxc1 39. Rxc1 Rd8 40. Rb1 Rd6 41. c4 Ng5 42. Ra1 Rd8 43. Ra7 Rb8 44. Nh4 Ke8 45. Ng2 Nf7 46. Ne1 Nd8 47. Nc2 Nc6 48. Ra1 Kd7 49. Rb1 Kc7 50. Na3 Nb4 51. Nb5+ Kd7 52. Kd2 Ra8 53. Rb2 Ra2 54. Rxa2 Nxa2 55. Nc3 Nb4 56. Nd5 Kc6 57. Ne7+ Kd6 58. Nc8+ Kc7 59. Na7 Nc6 60. Nb5+ Kd7 61. Kc3 Nd8 62. Kd2 Ne6 63. fxe6+ Kxe6 64. Ke3 Kd7 65. Nc3 Kc6 66. Kd2 Kd6 67. Kc2 Ke6 68. Kb3 Kf7 69. Ka4 g6 70. Kb5 f5 71. exf5 gxf5 72. gxf5 Kf6 73. Kxb6 Kxf5 74. Kxc5 Kg5 75. Kb6 Kxh5 76. Ne2 Kg4 77. Kxb7 Kf3 78. c5 Kxe2 79. c6 Kxd3 80. c7 e4 81. c8=Q e3 82. Qh3 h5 83. Qf1+ Kd2 0-1

[Event "Nordic Chess-ch 2019"]
[Site "Sarpsborg"]
[Date "2019.06.27"]
[Round "9.30"]
[White "Dingertz, Filip"]
[Black "Kristiansen, Terje"]
[Result "1/2-1/2"]
[ECO "B12"]
[WhiteElo "1111"]
[BlackElo "1330"]
[Annotator "NA RC"]
[PlyCount "124"]
[EventDate "2019.06.21"]
[EventType "swiss"]
[EventCountry "NOR"]
[SourceTitle "playchess.com"]
[Source "ChessBase"]
[SourceQuality "1"]
[TimeControl "40/5400+30:1800+30"]

1. e4 c6 2. d4 d5 3. e5 Bf5 4. Bd3 Bg6 5. Nf3 e6 6. c3 Ne7 7. Nh4 Bxd3 8. Qxd3 Ng6 9. Nxg6 hxg6 10. Nd2 Nd7 11. Nf3 Be7 12. Be3 Qb6 13. Qc2 O-O-O 14. Qb3 Rh5 15. c4 Bb4+ 16. Bd2 Bxd2+ 17. Nxd2 Rdh8 18. h3 Qxd4 19. Nf3 Qe4+ 20. Qe3 Qxe3+ 21. fxe3 Nxe5 22. Nxe5 Rxe5 23. O-O f6 24. cxd5 exd5 25. Rae1 Rhe8 26. Rf3 d4 27. Kf2 d3 28. Rd1 Rd8 29. e4 Rxe4 30. Rfxd3 Rxd3 31. Rxd3 Kc7 32. Kf3 f5 33. g4 Rb4 34. b3 f4 35. Rd2 g5 36. Re2 Rd4 37. Re7+ Rd7 38. Re5 Rd5 39. Re7+ Kb6 40. Rxg7 a5 41. Rh7 Rd3+ 42. Ke2 Rc3 43. h4 Rc2+ 44. Kf3 gxh4 45. Rxh4 Rxa2 46. g5 Ra1 47. Kxf4 Rg1 48. Rg4 Rf1+ 49. Kg3 Rf8 50. g6 Rg8 51. Kf4 Kc5 52. Kf5 Kd6 53. Kf6 Rf8+ 54. Kg7 Re8 55. Rd4+ Kc5 56. Kf7 Re1 57. Rg4 Rd1 58. Ke7 Re1+ 59. Kd7 Rd1+ 60. Ke7 Re1+ 61. Kf7 Rf1+ 62. Ke7 Re1+ 1/2-1/2

[Event "Nordic Chess-ch 2019"]
[Site "Sarpsborg"]
[Date "2019.06.27"]
[Round "9.31"]
[White "Ulrichsen, Jarl H"]
[Black "Rukovci, Shemsi"]
[Result "1-0"]
[ECO "D03"]
[WhiteElo "2180"]
[BlackElo "1907"]
[Annotator "NA"]
[PlyCount "177"]
[EventDate "2019.06.21"]
[EventType "swiss"]
[EventCountry "NOR"]
[SourceTitle "playchess.com"]
[Source "ChessBase"]
[SourceQuality "1"]
[TimeControl "40/5400+30:1800+30"]

1. d4 Nf6 2. Nf3 e6 3. Bg5 h6 4. Bh4 d5 5. e3 Be7 6. Nbd2 Nbd7 7. Bd3 c5 8. c3 Nf8 $146 {[%emt 0:02:09] D03: 1 d4 d5 2 Nf3 Nf6 3 Bg5, including Torre Attack with early ...d5} ({Predecessor:} 8... a6 9. a4 b6 10. O-O O-O 11. Ne5 Nxe5 12. dxe5 Nd7 13. Bg3 f6 14. exf6 Nxf6 15. e4 Qe8 16. Re1 {1-0 (34) Duda,J (2717)-Jumabayev,R (2612) Riadh 2017}) 9. Ne5 N6d7 10. Bxe7 Qxe7 11. f4 h5 12. Ndf3 Nxe5 13. Nxe5 Rh6 14. Bb5+ Bd7 15. Qa4 Bxb5 16. Qxb5+ Kd8 17. Qxc5 Qxc5 18. dxc5 Ke7 19. O-O f6 20. Nd3 Nd7 21. a4 g6 22. Rfe1 Rc8 23. e4 Nxc5 24. Nxc5 Rxc5 25. b4 Rxc3 26. exd5 e5 27. fxe5 fxe5 28. Rxe5+ Kd7 29. Rg5 Rd3 30. h3 Kd6 31. Rf1 Ke7 32. Re5+ Kd6 33. Re6+ Kxd5 34. Re7 Ra3 35. a5 b5 36. Rxa7 Ra4 37. Rd7+ Ke6 38. Rd4 Rh8 39. Re1+ Kf6 40. Rd6+ Kf7 41. Rd7+ Kf6 42. Rd6+ Kf7 43. Ree6 Rxb4 44. Rf6+ Ke7 45. Rde6+ Kd7 46. Ra6 Rc8 $2 (46... Ke7 47. Rxg6 Kf7) 47. Rxg6 Rf4 (47... Rc7 $142 48. Rab6 Re4) 48. Ra7+ Ke8 49. Rg8+ $2 (49. Rb7 $18 {is more deadly.} Kf8 50. Rh6) 49... Rf8 50. Rxf8+ $2 (50. Rgg7 $18 {and the rest is easy.} Rf4 51. a6) 50... Kxf8 51. Rb7 $18 Rc1+ 52. Kf2 Ra1 53. Rxb5 h4 54. Rb4 Ra2+ 55. Kg1 Ra1+ 56. Kh2 Kg7 57. Rxh4 Kg6 58. Re4 Rxa5 59. h4 Kf5 60. Rc4 Rb5 61. Kh3 Rb3+ 62. g3 Ra3 63. Rc5+ Kg6 64. h5+ Kh6 65. Kh4 Ra1 66. Rc6+ Kh7 67. g4 Ra5 68. Rc7+ Kh8 69. h6 Ra4 70. Kh5 Ra5+ 71. g5 Rb5 72. Re7 Ra5 73. Kg6 Ra6+ 74. Kf5 Ra5+ 75. Kf6 Ra8 76. g6 Ra6+ 77. Re6 Ra8 78. Rd6 Re8 79. Kf7 Rf8+ 80. Ke7 Rg8 81. Rd8 Rxd8 82. Kxd8 Kg8 83. Ke7 Kh8 84. Kf6 Kg8 85. h7+ Kh8 86. g7+ Kxh7 87. Kf7 Kh6 88. g8=Q Kh5 89. Qg3 1-0

[Event "Nordic Chess-ch 2019"]
[Site "Sarpsborg"]
[Date "2019.06.27"]
[Round "9.34"]
[White "Kirppo, Ronny"]
[Black "Holst, Conny"]
[Result "0-1"]
[ECO "A46"]
[WhiteElo "1910"]
[BlackElo "2197"]
[Annotator "RC"]
[PlyCount "50"]
[EventDate "2019.06.21"]
[EventType "swiss"]
[EventCountry "NOR"]
[SourceTitle "playchess.com"]
[Source "ChessBase"]
[SourceQuality "1"]
[TimeControl "40/5400+30:1800+30"]

1. Nf3 Nf6 2. d4 e6 3. g3 b5 4. Bg2 Bb7 5. Bg5 c5 6. c3 cxd4 7. cxd4 Be7 8. Nbd2 O-O 9. O-O Qb6 10. e4 Nc6 11. Be3 d5 12. Ne5 Rfd8 13. Nxc6 Bxc6 14. e5 Nd7 15. Qg4 b4 16. Rfc1 Bb5 17. Bf1 Rdc8 18. h4 Kf8 19. Qh5 h6 20. g4 Bxf1 21. Kxf1 Qa6+ 22. Kg2 Qd3 23. g5 g6 24. Qxh6+ Kg8 25. h5 Bf8 0-1

[Event "Nordic Chess-ch 2019"]
[Site "Sarpsborg"]
[Date "2019.06.27"]
[Round "9.36"]
[White "Stabbetorp, Hans"]
[Black "Andersen, Harry"]
[Result "1/2-1/2"]
[ECO "D02"]
[WhiteElo "1767"]
[BlackElo "1905"]
[Annotator "NA RC"]
[PlyCount "78"]
[EventDate "2019.06.21"]
[EventType "swiss"]
[EventCountry "NOR"]
[SourceTitle "playchess.com"]
[Source "ChessBase"]
[SourceQuality "1"]
[TimeControl "40/5400+30:1800+30"]

1. d4 Nf6 2. Nf3 g6 3. Bf4 Bg7 4. e3 O-O 5. Nbd2 d5 6. h3 c5 7. c3 c4 8. Be2 b5 9. O-O Nc6 10. b3 h6 11. a4 cxb3 12. axb5 Na5 13. Nxb3 Nc4 14. Bxc4 dxc4 15. Na5 Nd5 16. Bg3 Nxc3 17. Qc2 Nxb5 18. Qxc4 Nd6 19. Qb4 Nf5 20. Bh2 Qd5 21. Rfc1 Nd6 22. Nc6 Bf6 23. Rxa7 Rxa7 24. Nxa7 Bxh3 25. Rc5 Qa2 26. gxh3 Ne4 27. Bg3 Nxc5 28. Qxc5 Ra8 29. Nc6 Qb1+ 30. Kg2 Ra1 31. Ng1 Qxg1+ 32. Kf3 Qh1+ 33. Kf4 g5+ 34. Kg4 Qe4+ 35. f4 h5+ 36. Kxh5 Qf3+ 37. Kh6 Bg7+ 38. Kxg5 Qxg3+ 39. Kf5 Qg6# 1/2-1/2

[Event "Nordic Chess-ch 2019"]
[Site "Sarpsborg"]
[Date "2019.06.27"]
[Round "9.38"]
[White "Hauge, Tor Arne"]
[Black "Mirza, Raad"]
[Result "1/2-1/2"]
[ECO "A11"]
[WhiteElo "2022"]
[BlackElo "1991"]
[Annotator "NA"]
[PlyCount "105"]
[EventDate "2019.06.21"]
[EventType "swiss"]
[EventCountry "NOR"]
[SourceTitle "playchess.com"]
[Source "ChessBase"]
[SourceQuality "1"]
[TimeControl "40/5400+30:1800+30"]

1. Nf3 d5 2. g3 Nf6 3. Bg2 Bf5 4. O-O e6 5. c4 c6 6. cxd5 {[%emt 0:00:59] A11: English Opening: 1...c6} exd5 7. Qb3 (7. d3 Bc5 8. Qb3 Bb6 9. Nc3 O-O 10. Na4 Re8 11. Nxb6 axb6 12. Qc2 h6 13. b3 c5 14. Bb2 Nc6 15. a3 {0-1 (41) Oparin,G (2613)-Carlsen,M (2835) St Petersburg 2018}) 7... Qc7 8. d4 Bd6 9. Qe3+ $146 ({Predecessor:} 9. Nc3 Nbd7 10. Bd2 O-O 11. Rac1 a6 12. Nh4 Be6 13. f4 Nb6 14. f5 Bd7 15. Bg5 Nc4 16. e4 Na5 17. Qd1 Nxe4 18. Nxd5 {1-0 (18) Belus,B (1953)-Konyves,A (1691) Brno 2017}) 9... Be6 10. Ng5 Qe7 11. Nxe6 Qxe6 12. Qxe6+ fxe6 13. Nc3 O-O 14. e4 dxe4 15. Nxe4 Nxe4 16. Bxe4 Nd7 17. Bd2 Nf6 18. Bg2 Nd5 19. Rfe1 Rae8 20. Re2 Bb4 21. Bxd5 Bxd2 22. Bxe6+ Kh8 23. Rxd2 Rxe6 24. Kf1 Rd8 25. Re1 Rxe1+ 26. Kxe1 Kg8 27. Ke2 Kf7 28. Kd3 g5 29. f4 gxf4 30. Rf2 Kg6 31. Rxf4 Rd7 32. Kc4 Re7 33. Rf2 Rd7 34. b4 Rd5 35. Re2 Kf6 36. Re8 a5 37. a3 axb4 38. axb4 Kf7 39. Rh8 Kg6 40. Rg8+ Kf6 41. Rc8 Rd7 42. Rf8+ Ke6 43. Rf4 Rd5 44. g4 (44. Re4+ $16 Kd6 45. h4) 44... h5 45. h4 hxg4 $14 46. Rxg4 Rh5 47. Rg5 Rxh4 48. Kc5 Rh7 49. Re5+ Kd7 50. Kb6 Kd6 51. Rg5 Rf7 52. Rh5 Rg7 53. Rf5 1/2-1/2

[Event "Nordic Chess-ch 2019"]
[Site "Sarpsborg"]
[Date "2019.06.27"]
[Round "9.39"]
[White "Lilleng, Gunnar"]
[Black "Eriksen, Oddvar"]
[Result "1/2-1/2"]
[ECO "D00"]
[WhiteElo "1485"]
[BlackElo "1520"]
[Annotator "NA RC"]
[PlyCount "56"]
[EventDate "2019.06.21"]
[EventType "swiss"]
[EventCountry "NOR"]
[SourceTitle "playchess.com"]
[Source "ChessBase"]
[SourceQuality "1"]
[TimeControl "40/5400+30:1800+30"]

1. d4 Nf6 2. Bg5 d5 3. c3 e6 4. Nd2 Be7 5. Qc2 h6 6. Bh4 Nbd7 7. e3 c5 8. Be2 e5 9. dxe5 Nxe5 10. Bg3 Nc6 11. Bf3 Bg4 12. Qd1 Bf5 13. Be2 O-O 14. Ngf3 Bd6 15. Bxd6 Qxd6 16. h3 a6 17. O-O Rae8 18. Re1 Re7 19. Bf1 g5 20. Nh2 Qd7 21. Be2 Ne5 22. Ndf3 Ng6 23. Nf1 g4 24. hxg4 Bxg4 25. Ng3 Kh7 26. Nh2 Bxe2 27. Rxe2 Rg8 28. Re1 Rge8 1/2-1/2

[Event "Nordic Chess-ch 2019"]
[Site "Sarpsborg"]
[Date "2019.06.27"]
[Round "9.40"]
[White "Larsen, Bjorn"]
[Black "Heikkila, Raine"]
[Result "1-0"]
[ECO "C50"]
[WhiteElo "1680"]
[BlackElo "1663"]
[Annotator "NA RC"]
[PlyCount "60"]
[EventDate "2019.06.21"]
[EventType "swiss"]
[EventCountry "NOR"]
[SourceTitle "playchess.com"]
[Source "ChessBase"]
[SourceQuality "1"]
[TimeControl "40/5400+30:1800+30"]

1. e4 e5 2. Nf3 Nc6 3. Bc4 Qf6 4. Nc3 Qd8 5. O-O Bc5 6. Ne2 h6 7. Ng3 d6 8. h3 a6 9. c3 Na5 10. Bd3 Nc6 11. Bc2 Ba7 12. d4 Qf6 13. Be3 g6 14. Qd2 Qg7 15. Rad1 Na5 16. b3 Nc6 17. b4 Bd7 18. a4 h5 19. b5 Nce7 20. dxe5 Bxe3 21. fxe3 Nc8 22. Bb3 axb5 23. exd6 cxd6 24. e5 bxa4 25. Ba2 h4 26. Ne4 Nge7 27. Nf6+ Kd8 28. Ng5 Rf8 29. Nxd7 Kxd7 30. e6+ Kd8 1-0

[Event "Nordic Chess-ch 2019"]
[Site "Sarpsborg"]
[Date "2019.06.27"]
[Round "9.41"]
[White "Sather, Lars"]
[Black "Stubrud, Jan Magne"]
[Result "0-1"]
[ECO "D80"]
[WhiteElo "1730"]
[BlackElo "1681"]
[Annotator "NA RC"]
[PlyCount "90"]
[EventDate "2019.06.21"]
[EventType "swiss"]
[EventCountry "NOR"]
[SourceTitle "playchess.com"]
[Source "ChessBase"]
[SourceQuality "1"]
[TimeControl "40/5400+30:1800+30"]

1. d4 Nf6 2. c4 g6 3. Nc3 d5 4. f3 Nc6 5. cxd5 Nxd5 6. e4 Nxc3 7. bxc3 e6 8. Be3 Bg7 9. Bd3 O-O 10. Ne2 b6 11. O-O Bb7 12. Qd2 Rc8 13. f4 Ne7 14. f5 exf5 15. exf5 Nd5 16. fxg6 fxg6 17. Rxf8+ Qxf8 18. Bc4 Kh8 19. Rf1 Qe7 20. Bg5 Qd7 21. Bb3 Re8 22. c4 Ne7 23. Rf7 Qe6 24. c5 Nd5 25. Rf2 Ba6 26. Bxd5 Qxd5 27. h4 Bxe2 28. Rxe2 Rxe2 29. Qxe2 Qxd4+ 30. Kh2 Qe5+ 31. Qxe5 Bxe5+ 32. Kh3 bxc5 33. Kg4 Kg7 34. Kf3 Kf7 35. Ke4 Ke6 36. g4 c6 37. h5 gxh5 38. gxh5 c4 39. Be3 c3 40. Bxa7 c2 41. Be3 Bb2 42. a4 c1=Q 43. Bxc1 Bxc1 44. a5 Ba3 45. Kd4 Kd6 0-1

[Event "Nordic Chess-ch 2019"]
[Site "Sarpsborg"]
[Date "2019.06.27"]
[Round "9.42"]
[White "Nizar, Siako"]
[Black "Hanebuth, Katja"]
[Result "0-1"]
[ECO "D19"]
[WhiteElo "1209"]
[BlackElo "1463"]
[Annotator "NA RC"]
[PlyCount "98"]
[EventDate "2019.06.21"]
[EventType "swiss"]
[EventCountry "NOR"]
[SourceTitle "playchess.com"]
[Source "ChessBase"]
[SourceQuality "1"]
[TimeControl "40/5400+30:1800+30"]

1. d4 d5 2. c4 c6 3. Nf3 Nf6 4. Nc3 dxc4 5. a4 Bf5 6. e3 e6 7. Bxc4 Bb4 8. O-O O-O 9. Qe2 h6 10. e4 Bh7 11. Bd3 Nbd7 12. e5 Bxd3 13. Qxd3 Nd5 14. Nxd5 cxd5 15. Bd2 Be7 16. Rfc1 Nb6 17. b3 Rc8 18. Rc2 Qd7 19. a5 Rxc2 20. Qxc2 Rc8 21. Qb2 Na8 22. b4 Nc7 23. b5 Nxb5 24. Rb1 a6 25. Ne1 Rc4 26. Nc2 Qc7 27. Rc1 Bg5 28. f4 Be7 29. Kf2 Nc3 30. Ne3 Ne4+ 31. Ke2 Rxc1 32. Bxc1 Qc6 33. f5 Qb5+ 34. Qxb5 axb5 35. Kd3 Kf8 36. Kc2 Bb4 37. Kb3 Bxa5 38. Ba3+ b4 39. Bxb4+ Bxb4 40. Kxb4 Ke7 41. Kb5 Nd2 42. g4 Nf3 43. Kb6 Nxd4 44. Kxb7 Nf3 45. fxe6 fxe6 46. Kc6 Nxe5+ 47. Kc5 Kf6 48. h4 Nf3 49. h5 Ke5 0-1